 Dungeon Crawl Stone Soup version 0.30-a0-782-ge64f9170bb (webtiles) character file.

Game seed: 17131782186769991256

12947 timneilson the Blocker (level 12, -8/73 HPs)
             Began as a Gargoyle Fighter on Feb 18, 2023.
             Was an Elder of Okawaru.
             Mangled by a sun demon (19 damage)
             ... summoned by a kobold demonologist
             ... on level 11 of the Dungeon.
             The game lasted 00:31:48 (10581 turns).

timneilson the Blocker (Gargoyle Fighter)          Turns: 10581, Time: 00:31:49

Health: -8/73      AC: 30    Str: 20    XL:     12   Next: 0%
Magic:  17/17      EV:  8    Int: 10    God:    Okawaru [****..]
Gold:   765        SH:  8    Dex: 13    Spells: 11/11 levels left

rFire   . . .      SeeInvis .    c - +3 long sword (freeze)
rCold   + . .      Faith    .    y - +2 buckler
rNeg    + . .      Spirit   .    A - +0 plate armour
rPois   ∞          Reflect  .    (no helmet)
rElec   +          Harm     +    f - +1 cloak of Opsiofer {Harm rC+ Will+}
rCorr   .          Rampage  .    o - +0 pair of gloves
Will    +....                    h - +2 pair of boots Stlth
                                 (no amulet)
HPRegen 0.32/turn                (no ring)
MPRegen 0.15/turn                (no ring)

@: studying 2 skills
A: sickness immunity, AC +8, negative energy resistance 1, electricity
resistance, torment resistance 1, petrification resistance
a: Renounce Religion, Heroism, Finesse


You were on level 11 of the Dungeon.
You worshipped Okawaru.
Okawaru was greatly pleased with you.
You visited 1 branch of the dungeon, and saw 11 of its levels.
You also visited: Bailey.

You collected 765 gold pieces.

Inventory:

Hand Weapons
 a - a +1 long sword of chaos
 c - a +3 long sword of freezing (weapon)
Armour
 f - the +1 cloak of Opsiofer (worn) {Harm rC+ Will+}
   (You found it in a bailey)

   rC:        It protects you from cold.
   Harm:      It increases damage dealt and taken.
   Will:      It increases your willpower.
 h - a +2 pair of boots (worn)
 m - a +2 cloak
 o - a +0 pair of gloves (worn)
 y - a +2 buckler (worn)
 A - a +0 plate armour (worn)
Jewellery
 H - a ring of positive energy
Wands
 l - a wand of polymorph (5)
 z - a wand of iceblast (6)
 B - a wand of digging (2)
 D - a wand of paralysis (4)
 E - a wand of flame (6)
Scrolls
 d - 6 scrolls of teleportation
 g - 3 scrolls of enchant weapon
 n - 2 scrolls of amnesia
 s - 2 scrolls of immolation
 u - a scroll of poison
 w - 3 scrolls of fog
 G - a scroll of fear
Potions
 b - 2 potions of flight
 e - 2 potions of attraction
 i - 8 potions of curing
 j - a potion of resistance
 k - 2 potions of berserk rage
 p - a potion of degeneration {unknown}
 q - a potion of ambrosia
 r - 5 potions of haste
 t - 2 potions of magic
 v - a potion of invisibility {unknown}
 x - 2 potions of mutation {unknown}
 C - a potion of might
 F - a potion of heal wounds {unknown}


   Skills:
 + Level 7.7 Fighting
 * Level 9.0 Long Blades
 * Level 10.3 Armour
 + Level 5.0 Dodging
 * Level 10.3 Shields
 + Level 7.0 Invocations
 + Level 2.6 Evocations


You had 11 spell levels left.
You didn't know any spells.
Your spell library contained the following spells:

 Spells                   Type           Power      Damage    Failure   Level
 Sandblast                Erth           0%         2d4       100%        1
 Shock                    Conj/Air       0%         1d3       100%        1
 Lesser Beckoning         Tloc           0%         N/A       100%        2
 Passwall                 Tmut/Erth      0%         N/A       100%        2
 Poisonous Vapours        Pois/Air       0%         N/A       100%        2
 Wereblood                Tmut           0%         N/A       100%        2
 Gell's Gravitas          Tloc           0%         N/A       100%        3
 Ignite Poison            Fire/Tmut/Pois 0%         N/A       100%        3
 Mephitic Cloud           Conj/Pois/Air  0%         N/A       100%        3
 Ozocubu's Armour         Ice            0%         N/A       100%        3
 Stone Arrow              Conj/Erth      0%         3d7       100%        3
 Swiftness                Air            0%         N/A       100%        3
 Teleport Other           Tloc           0%         N/A       100%        3
 Airstrike                Air            0%         2d(0-16)  100%        4
 Passage of Golubria      Tloc           0%         N/A       100%        4
 Sticky Flame             Conj/Fire      0%         2d3       100%        4
 Silence                  Hex/Air        0%         N/A       100%        5
 Ozocubu's Refrigeration  Ice            0%         4d7       100%        7
 Ignition                 Fire           0%         3d3       100%        8
 Lehudib's Crystal Spear  Conj/Erth      0%         10d2      100%        8
 Cigotuvi's Dreadful Rot  Necr/Pois/Air  Unusable   N/A       N/A         2
 Sublimation of Blood     Necr           Unusable   N/A       N/A         2
 Summon Hydra             Summ           Unusable   N/A       N/A         7

Dungeon Overview and Level Annotations

Branches:
Dungeon (11/15)            Temple (0/1) D:6            Lair (0/5) D:11
    Orc (0/2) D:9          Bailey (visited)

Altars:
Cheibriados
Dithmenos
Elyvilon
Hepliaklqana
Kikubaaqudgha
Okawaru
Ru
Sif Muna
Uskayaw
Vehumet
Xom
Yredelemnul

Shops:
D:2 :   D:5 ?   D:8 *   D:9 :

Annotations:
D:5 1 runed translucent door, Spectrina's ghost, novice MfRe
D:9 exclusion: statue


Innate Abilities, Weirdness & Mutations

You are immune to sickness and miasma.
Your stone body is resilient. (AC +8)
You are immune to poison.
You resist negative energy. (rN+)
You are resistant to electric shocks. (rElec)
You are resistant to unholy torment.
You are immune to petrification.


Message History

The kobold demonologist mumbles some strange words.
Your Dodging skill increases to level 5!
You slash the two-headed ogre! You freeze the two-headed ogre.
The two-headed ogre is lightly wounded.
The two-headed ogre hits you with a +0 giant club!
The two-headed ogre hits you with a +0 giant spiked club!
You hit the two-headed ogre. You freeze the two-headed ogre.
The two-headed ogre is moderately wounded.
You slash the two-headed ogre! You freeze the two-headed ogre.
The two-headed ogre is severely wounded.
The two-headed ogre hits you but does no damage.
The two-headed ogre hits you with a +0 giant spiked club.
* * * LOW HITPOINT WARNING * * *
You slash the two-headed ogre! You freeze the two-headed ogre!
You kill the two-headed ogre!
Okawaru accepts your kill.
The chaos spawn degenerates into a cloud of primal chaos!
Your Long Blades skill increases to level 9!
Your Invocations skill increases to level 7!
You have reached level 12!
You feel clever.
You block the kobold demonologist's attack.
The sun demon hits you but does no damage.
Things that are here:
a +0 giant club; a +0 giant spiked club You closely miss the kobold demonologist.
The sun demon hits you but does no damage.
You block the kobold demonologist's attack.
You closely miss the kobold demonologist.
The sun demon hits you but does no damage.
The kobold demonologist hits you but does no damage.
The sun demon hits you but does no damage.
You slash the kobold demonologist! You freeze the kobold demonologist.
The kobold demonologist is heavily wounded.
The kobold demonologist hits you but does no damage.
The iron imp grinds its teeth.
The sun demon hits you!
* * * LOW HITPOINT WARNING * * *
You are engulfed in flames!
You die...

##.......#
##P........##
#.......###P.P..P...PP#
##..........PP.P..>.PP#
#......#......P...PPP#
##.....##..........PP#
#.....###......P...P#
##..55# ##.........##
#...53## ###.....###
#...##3K@####....###
.### ####.....####
##....## #..#..##
#..##..## #.####..# ..#
##÷## #..# ##.## #..#
##.####


You could see a sun demon (summoned), a kobold demonologist, a neqoxec
(summoned), an iron imp (summoned), a white imp (summoned) and an ufetubus
(summoned).

Vanquished Creatures
  3 two-headed ogres
  Amaemon (D:10)
  An orange demon (D:10)
  A komodo dragon (D:11)
  2 unseen horrors (D:11)
  2 kobold demonologists (Bailey)
  Grinder (D:3)
  A wraith (D:9)
  Sigmund (D:3)
  4 shadows
  12 yaks
  2 steam dragons
  A two-headed ogre zombie (D:9)
  3 water moccasins
  An acid dragon (D:9)
  An ice beast (D:6)
  A floating eye (shapeshifter) (D:4)
  11 orc warriors
  A black bear (D:6)
  3 sky beasts
  3 ogres
  3 phantoms
  3 centaurs
  A kobold brigand (D:7)
  A necrophage (D:5)
  5 bullfrogs
  4 scorpions
  6 wights
  3 troll zombies (D:9)
  13 killer bees
  3 electric eels (Bailey)
  3 howler monkeys
  3 jellies
  5 hounds
  5 orc priests
  Crazy Yiuf (D:2)
  Jessica (D:2)
  3 iguanas
  10 orc wizards
  Terence (D:2)
  4 ogre zombies (D:9)
  6 gnolls
  13 adders
  3 shadow imps
  2 white imps
  2 ufetubi
  4 worms
  A dart slug (D:5)
  28 orcs
  6 endoplasms
  6 giant cockroaches
  19 goblins
  8 hobgoblins
  6 quokkas
  11 ball pythons
  7 bats
  7 frilled lizards
  4 goblin zombies (D:9)
  A hobgoblin skeleton (D:9)
  4 hobgoblin zombies (D:9)
  10 kobolds
  5 orc skeletons (D:9)
  11 orc zombies (D:9)
  2 rats (D:1)
300 creatures vanquished.

Vanquished Creatures (others)
  A hobgoblin (Bailey)
  21 plants (D:11)
22 creatures vanquished.

Grand Total: 322 creatures vanquished

Notes
Turn   | Place    | Note
-------+----------+-------------------------------------------
     0 | D:1      | timneilson the Gargoyle Fighter began the quest for the
                  | Orb.
     0 | D:1      | Reached XP level 1. HP: 14/14 MP: 1/1
    72 | D:1      | Reached XP level 2. HP: 19/19 MP: 2/2
   470 | D:1      | Reached XP level 3. HP: 23/23 MP: 3/3
   564 | D:2      | Noticed Jessica
   584 | D:2      | Killed Jessica
   609 | D:2      | Reached XP level 4. HP: 28/28 MP: 4/4
   744 | D:2      | Found Ochukar's Book Shoppe.
   797 | D:2      | Found a shimmering altar of Xom.
   952 | D:2      | Noticed Terence
   959 | D:2      | Killed Terence
  1415 | D:2      | Reached XP level 5. HP: 32/33 MP: 5/5
  1516 | D:2      | Found a runed translucent door.
  1517 | D:2      | Noticed Crazy Yiuf
  1658 | D:2      | Paralysed by Crazy Yiuf for 2 turns
  1662 | D:2      | Killed Crazy Yiuf
  1907 | D:3      | Found a sacrificial altar of Ru.
  1907 | D:3      | Found a hazy altar of Hepliaklqana.
  1909 | D:3      | Found a basalt altar of Yredelemnul.
  1910 | D:3      | Found a shadowy altar of Dithmenos.
  1911 | D:3      | Found an iron altar of Okawaru.
  1917 | D:3      | Became a worshipper of Warmaster Okawaru
  2029 | D:3      | Noticed Sigmund
  2038 | D:3      | Killed Sigmund
  2039 | D:3      | Reached skill level 1 in Dodging
  2039 | D:3      | Reached skill level 1 in Invocations
  2039 | D:3      | Reached XP level 6. HP: 38/38 MP: 6/6
  2064 | D:3      | Noticed Grinder
  2087 | D:3      | Killed Grinder
  2087 | D:3      | Reached * piety under Okawaru
  2088 | D:3      | Reached skill level 5 in Armour
  2088 | D:3      | Reached skill level 5 in Shields
  2088 | D:3      | Reached XP level 7. HP: 41/44 MP: 6/8
  2661 | D:4      | a kobold changed into a glowing shapeshifter
  2661 | D:4      | Noticed a glowing shapeshifter (glowing shapeshifter)
  2661 | D:4      | a glowing shapeshifter changed into a floating eye
  3093 | D:4      | Reached XP level 8. HP: 31/48 MP: 9/9
  3197 | D:4      | Identified the -1 cloak of Pantheism {rElec Will- Int+3
                  | Slay+2}
  3230 | D:5      | Entered Level 5 of the Dungeon
  3315 | D:5      | Found a snail-covered altar of Cheibriados.
  3315 | D:5      | Found a shimmering blue altar of Sif Muna.
  3340 | D:5      | Reached ** piety under Okawaru
  3520 | D:5      | Found Iggakho's Magic Scroll Shop.
  3573 | D:5      | Reached skill level 5 in Fighting
  3790 | D:6      | Found a staircase to the Ecumenical Temple.
  3833 | D:6      | Reached skill level 5 in Long Blades
  4113 | D:5      | Identified the +0 ring mail "Ehonoiz" {Str+3}
  4168 | D:5      | Reached XP level 9. HP: 42/54 MP: 11/11
  4191 | D:5      | Found a runed translucent door.
  4198 | D:5      | Noticed Spectrina's ghost (novice MfRe)
  4591 | D:6      | Reached *** piety under Okawaru
  5205 | D:7      | You fall into a shaft and drop 1 floor!
  5343 | D:7      | Reached **** piety under Okawaru
  5960 | D:8      | Reached XP level 10. HP: 51/60 MP: 13/13
  6195 | D:8      | Noticed a two-headed ogre
  6204 | D:8      | Killed a two-headed ogre
  6251 | D:8      | Found an ancient bone altar of Kikubaaqudgha.
  6613 | D:8      | Found Kewk's Assorted Antiques.
  6857 | D:9      | Found Fisky's Book Emporium.
  6875 | D:9      | Reached skill level 5 in Invocations
  7286 | D:8      | HP: 2/61 [something (17)]
  7574 | D:9      | Found a radiant altar of Vehumet.
  7667 | D:9      | Reached ***** piety under Okawaru
  7681 | D:9      | Reached XP level 11. HP: 60/67 MP: 15/15
  7771 | D:9      | Found a staircase to the Orcish Mines.
  7800 | D:9      | Received a gift from Okawaru
  7801 | D:9      | Reached skill level 1 in Evocations
  7992 | D:9      | Found a white marble altar of Elyvilon.
  7992 | D:9      | Found a hide-covered altar of Uskayaw.
  8094 | D:10     | Entered Level 10 of the Dungeon
  8109 | D:10     | Found a flagged portal.
  8137 | Bailey   | Entered a bailey
  8724 | Bailey   | Acquired a manual of Invocations
  8766 | Bailey   | Found an iron altar of Okawaru.
  8814 | Bailey   | Identified the +1 cloak of Opsiofer {Harm rC+ Will+}
  8840 | Bailey   | Acquired a manual of Long Blades
  8959 | D:10     | Noticed Amaemon
  9010 | D:10     | Killed Amaemon
  9581 | D:10     | Noticed a two-headed ogre
  9596 | D:10     | Killed a two-headed ogre
  9906 | D:11     | Found a staircase to the Lair.
  9945 | D:11     | Reached skill level 10 in Armour
  9945 | D:11     | Reached skill level 10 in Shields
 10430 | D:11     | Identified the +6 mace of the Gloaming {heavy, Contam rElec
                  | rN+++ Will-}
 10516 | D:11     | Noticed a two-headed ogre
 10532 | D:11     | Noticed a soul eater
 10574 | D:11     | Reached skill level 5 in Dodging
 10574 | D:11     | Noticed a sun demon
 10577 | D:11     | Killed a two-headed ogre
 10578 | D:11     | Reached XP level 12. HP: 22/73 MP: 17/17
 10581 | D:11     | Mangled by a sun demon

Illustrated notes

Levels and vault maps discovered:
D:1:      dpeg_arrival_rooms_c, layout_rooms, minmay_domino_2
D:2:      layout_basic, serial_shops, nicolae_shop_statue_plus, basic_altar,
          dreamdust_princess_bridge, roderic_serpentine_path,
          minmay_misc_feat_hallway, glass_columns_a, minivault_23,
          amcnicky_mini_pool_small, kennysheep_generic_room_14,
          uniq_crazy_yiuf_cottage, uniq_jessica, uniq_terence
D:3:      layout_loops_cross, minitemple, nicolae_titane, uniq_sigmund,
          uniq_grinder
D:4:      layout_basic, chequers_serial_rivers_small_b
D:5:      layout_basic, jmf_multi_god_temple, ebering_ghost_reflecting_pool,
          serial_shops, shop_coins, serial_bayou_pond_a
D:6:      layout_loops_cross, minmay_temple_entry_stoned_glass,
          kennysheep_generic_room_5
D:7:      layout_loops_cross
D:8:      layout_loops_ring, kennysheep_little_box, serial_shops, shop
D:9:      layout_roguey, vehumet_statue, gammafunk_temple_overflow_statue,
          zombieorc2_lemuel, serial_shops, nicolae_take_the_stairs,
          serial_bayou_pond_d, hellmonk_bongcloud_opening,
          minmay_misc_feat_tiny, minmay_misc_feat_five
D:10:     minmay_evil_eye, layout_loops_ring, enter_bailey_5, uniq_amaemon
D:11:     layout_cave_pods, david_lair_shrubbed

Skill      XL: |  1  2  3  4  5  6  7  8  9 10 11 |
---------------+----------------------------------+-----
Long Blades    | 2 3 4 5 6 7 9 |  9.0
Armour         | 4 5 6 7 9 10 | 10.3
Shields        | 4 5 6 7 9 10 | 10.3
Fighting       | 4 5 6 7 |  7.7
Dodging        | 1 2 3 4 5 |  5.0
Invocations    | 1 2 3 4 5 7 |  7.0
Evocations     | 2 |  2.6

Action                     |  1- 3 |  4- 6 |  7- 9 | 10-12 || total
---------------------------+-------+-------+-------+-------++-------
  Melee: Long sword        |   113 |   108 |   460 |   837 ||  1518
 Invoke: Heroism           |       |       |       |     7 ||     7
         Finesse           |       |       |       |     1 ||     1
    Use: Scroll            |     3 |     6 |    10 |     5 ||    24
         Potion            |       |     1 |     1 |     4 ||     6
   Stab: Paralysed         |       |       |     2 |       ||     2
 Armour: Scale mail        |    61 |    34 |       |       ||    95
         Chain mail        |       |    25 |   296 |    14 ||   335
         Plate armour      |       |       |       |   553 ||   553
         Skin              |       |       |       |     9 ||     9
  Dodge: Dodged            |    64 |    46 |   167 |   217 ||   494
  Block: Buckler           |    29 |    26 |   142 |   354 ||   551

Table legend: (Time is in decaauts)
 A = Elapsed time spent in this place.
 B = Non-inter-level travel time spent in this place.
 C = Inter-level travel time spent in this place.
 D = Time resting spent in this place.
 E = Time spent auto-exploring this place.
 F = Levels seen in this place.
 G = Mean time per level.
                   A        B        C        D        E       F      G
               +--------+--------+--------+--------+--------+-----+--------+
         Total |  10756 |  10457 |    299 |   1048 |   5879 |  12 |  896.3 |
       Dungeon |  10025 |   9726 |    299 |    753 |   5879 |  11 |  911.4 |
        Bailey |    731 |    731 |      0 |    295 |      0 |   1 |  731.0 |
               +--------+--------+--------+--------+--------+-----+--------+

Top non-repeatable levels by time:
     D:8: 1486 daAuts
     D:2: 1209 daAuts
    D:10: 1159 daAuts
     D:5: 1015 daAuts
     D:3: 858 daAuts
     D:9: 841 daAuts
     D:6: 826 daAuts
     D:7: 778 daAuts
  Bailey: 731 daAuts
     D:4: 682 daAuts
     D:1: 591 daAuts
    D:11: 575 daAuts
